AoeStats
← weefimonster

Nomad

510263074Analyzed
4v4 RM · 1d ago on Sep 30, 2026· 72m 42s· 8 players
Game mode
Random Map
Map size
231×231
Population
200
Speed
Normal
Resources
Standard
Victory
Conquest
Starting age
Dark Age
Ending age
Imperial Age
RankedLock teamsTeams togetherTeam positionsShared explorationLock speedFull tech treeHidden civsTurbo modeCheats
Victory
Defeat
🇨🇳 Khmer · China
790
+14
🇨🇳 Goths · China
781
+14
🇦🇺 Franks · Australia
771
+14
🇦🇺 Spanish · Australia
755
+15
🇪🇸 Mongols · Spain
758
-16
🇨🇦 Persians · Canada
738
-14
🇲🇽 Saxons · Mexico
731
-14
🇺🇸 Armenians · United States
715
-13
ostiinn
3:33 Loom
16:50 Feudal Age
17:13 Horse Collar
21:19 Castle Age
20:38 Double-Bit Axe
22:03 Wheelbarrow
24:20 Fletching
25:05 Heavy Plow
25:53 Bow Saw
28:54 Forging
32:05 Iron Casting
32:05 Scale Mail Armor
35:19 Imperial Age
33:51 Pikeman
34:50 Chain Mail Armor
35:16 Squires
35:33 Capped Ram
38:07 Plate Mail Armor
37:35 Shield Wall
39:51 Conscription
42:27 Halberdier
46:56 Elite Hearth Troop
48:16 Siege Ram
49:56 Bodkin Arrow
weefimonster
13:58 Feudal Age
12:14 Loom
14:07 Man-at-Arms
16:59 Fletching
29:00 Castle Age
29:59 Bodkin Arrow
33:03 Bloodlines
33:00 Husbandry
34:13 Scale Barding Armor
34:19 Forging
35:52 Chain Barding Armor
38:57 Padded Archer Armor
49:07 Imperial Age
48:58 Kamandaran
49:41 Iron Casting
49:22 Leather Archer Armor
50:27 Cavalier
51:06 Gold Mining
52:50 Plate Barding Armor
53:09 Savar
54:47 Wheelbarrow
60:09 Blast Furnace
60:01 Pikeman
Smurfm4n87
5:39 Loom
15:27 Feudal Age
15:38 Man-at-Arms
18:01 Long Swordsman
21:28 Forging
21:19 Scale Mail Armor
21:16 Arson
24:27 Wheelbarrow
30:00 Castle Age
28:27 Town Watch
30:46 Squires
30:32 Gambesons
31:39 Two-Handed Swordsman
32:51 Horse Collar
37:19 Redemption
37:20 Fervor
37:32 Sanctity
38:06 Double-Bit Axe
39:20 Pikeman
42:26 Herbal Medicine
43:14 Champion
45:10 Chain Mail Armor
46:19 Hand Cart
61:00 Imperial Age
62:55 Block Printing
63:07 Illumination
70:34 Iron Casting
70:29 Plate Mail Armor
71:24 Theocracy
HundredEyes
4:38 Loom
14:26 Feudal Age
15:05 Double-Bit Axe
15:01 Horse Collar
21:12 Castle Age
29:05 Gold Mining
29:06 Stone Mining
29:28 Bow Saw
29:19 Heavy Plow
29:23 Fletching
29:33 Padded Archer Armor
29:40 Scale Barding Armor
31:40 Thumb Ring
31:47 Bloodlines
31:37 Husbandry
31:40 Bodkin Arrow
32:00 Leather Archer Armor
32:48 Ballistics
32:50 Leather Archer Armor
36:05 Chain Barding Armor
35:17 Light Cavalry
39:49 Forging
42:44 Imperial Age
61:00 Imperial Age
59:45 Iron Casting
62:17 Hussar
64:44 Blast Furnace
JR125941
17:02 Feudal Age
17:11 Man-at-Arms
23:05 Double-Bit Axe
30:03 Castle Age
38:29 Imperial Age
38:49 Cavalier
39:30 Husbandry
42:54 Wheelbarrow
42:36 Stone Mining
43:19 Scale Barding Armor
43:25 Forging
43:16 Scale Mail Armor
43:29 Gold Mining
44:01 Conscription
44:17 Capped Ram
46:49 Chain Barding Armor
47:04 Iron Casting
46:19 Elite Throwing Axeman
51:48 Chain Mail Armor
52:47 Blast Furnace
52:22 Ordonnance Companies
53:06 Chivalry
69:18 Paladin
71:30 Chemistry
70:11 Treadmill Crane
70:58 Ballistics
70:20 Treadmill Crane
71:41 Chemistry
纸片纸片
8:33 Loom
16:16 Feudal Age
21:08 Castle Age
19:04 Double-Bit Axe
19:21 Horse Collar
21:21 Town Watch
21:58 Stone Mining
22:35 Bow Saw
23:04 Heavy Plow
27:53 Gold Mining
28:31 Stone Mining
33:15 Imperial Age
31:39 Wheelbarrow
32:34 Anarchy
32:31 Pikeman
33:11 Squires
33:24 Scale Mail Armor
34:29 Capped Ram
35:35 Forging
46:58 Halberdier
47:15 Man-at-Arms
49:44 Long Swordsman
49:53 Long Swordsman
51:45 Iron Casting
51:26 Chain Mail Armor
51:15 Two-Handed Swordsman
53:51 Blast Furnace
55:01 Champion
55:45 Perfusion
57:42 Light Cavalry
58:32 Bloodlines
58:23 Husbandry
samaffleck1
14:59 Feudal Age
15:24 Horse Collar
15:31 Double-Bit Axe
16:18 Man-at-Arms
19:16 Wheelbarrow
24:06 Fishing Lines
28:08 Castle Age
26:31 Gold Mining
26:36 Stone Mining
29:38 Long Swordsman
30:31 Forging
33:44 Pikeman
36:47 Stone Shaft Mining
36:15 Heavy Plow
43:48 Bow Saw
48:08 Husbandry
48:18 Bloodlines
51:28 Hand Cart
60:56 Imperial Age
62:50 Conscription
61:57 Cavalier
63:16 Two-Handed Swordsman
71:08 Paladin
俺讨厌种田
5:43 Loom
13:39 Feudal Age
30:35 Castle Age
42:01 Wheelbarrow
44:45 Wheelbarrow
46:36 Light Cavalry
48:16 Bloodlines
48:06 Husbandry
48:36 Tusk Swords
50:57 Scale Mail Armor
51:07 Forging
51:02 Scale Barding Armor
50:48 Fletching
50:58 Padded Archer Armor
51:15 Forging
51:11 Scale Barding Armor
51:36 Husbandry
57:49 Imperial Age
55:59 Wheelbarrow
58:50 Iron Casting
58:35 Chain Barding Armor
58:05 Hussar
58:05 Cavalier
58:15 Cavalier
60:33 Blast Furnace
59:33 Scale Mail Armor
60:34 Blast Furnace
64:02 Plate Barding Armor
65:24 Chain Mail Armor
71:26 Fletching
71:36 Padded Archer Armor
71:01 Capped Ram
Connection lost

Rejoining the realm…

Still unreachable

The connection could not be restored.

Session expired

The server has moved on; the page needs a fresh start.